[Event "ICC tourney 2517 (60 10)"]
[Site "Internet Chess Club"]
[Date "2021.04.17"]
[Round "3"]
[White "BURTON, HENRY:HPenguin"]
[Black "ESPINAL, GABRIEL:vsausemicheal"]
[Result "1-0"]
[ICCResult "Black resigns"]
[WhiteElo "1828"]
[BlackElo "1590"]
[Opening "Petrov's defense"]
[ECO "C42"]
[NIC "RG.03"]
[Time "16:31:30"]
[PlyCount "81"]
[TimeControl "3600+10"]

1. e4 e5 2. Nf3 Nf6 3. Nxe5 Nc6 4. Nxc6 dxc6 5. e5 Ne4 6. Qe2 Nc5 7. g3 Bf5
8. d3 Qd5 9. f3 O-O-O 10. Nc3 Qd4 11. Qe3 Qb4 12. a3 Qb6 13. b4 Ne6 14.
Qxb6 cxb6 15. Be3 h6 16. Bg2 Nd4 17. Bxd4 Rxd4 18. Kd2 Be7 19. Ne2 Rd7 20.
h4 Kc7 21. Bh3 Bxh3 22. Rxh3 f6 23. exf6 Bxf6 24. Re1 Re8 25. Rhh1 Red8 26.
Nf4 Kb8 27. Re4 Bb2 28. a4 Bf6 29. Rhe1 Kc7 30. Ne6+ Kc8 31. Nxd8 Bxd8 32.
c4 Rf7 33. f4 Kd7 34. Rd4+ Kc7 35. Rde4 Kd7 36. b5 Be7 37. Kc3 a5 38. bxa6
bxa6 39. d4 a5 40. Kd3 Rf6 41. Rxe7+ { Black resigns } 1-0

[Event "ICC tourney 2517 (60 10)"]
[Site "Internet Chess Club"]
[Date "2021.04.17"]
[Round "3"]
[White "BAILEY, AIDEN:upcomingmaster"]
[Black "Ng, Timothy:timothyng2007"]
[Result "0-1"]
[ICCResult "White resigns"]
[WhiteElo "1549"]
[BlackElo "1801"]
[Opening "Pirc defense"]
[ECO "B07"]
[NIC "PU.07"]
[Time "16:31:11"]
[PlyCount "90"]
[TimeControl "3600+10"]

1. d4 Nf6 2. Nc3 g6 3. e4 d6 4. Be3 Bg7 5. f3 c6 6. Qd2 b5 7. Bh6 O-O 8.
Bxg7 Kxg7 9. Bd3 Nbd7 10. a3 Nb6 11. Nge2 Be6 12. b3 a5 13. a4 b4 14. Nd1
Rc8 15. O-O Qc7 16. Ne3 Rfd8 17. f4 c5 18. d5 Bd7 19. Ng3 e6 20. dxe6 Bxe6
21. f5 Bd7 22. Qf2 g5 23. Qf3 Be8 24. Nh5+ Nxh5 25. Qxh5 f6 26. Qf3 Bf7 27.
h4 h6 28. hxg5 hxg5 29. Bc4 Nxc4 30. bxc4 Rh8 31. Nd5 Bxd5 32. exd5 Rce8
33. Rfe1 Re5 34. Rxe5 dxe5 35. Rd1 Qd6 36. g4 Rh4 37. Kg2 e4 38. Qg3 Qf4
39. Qxf4 gxf4 40. d6 Rh8 41. d7 Rd8 42. Re1 Rxd7 43. Rxe4 Rd2+ 44. Kf3 Rxc2
45. Kxf4 b3 { White resigns } 0-1

[Event "ICC tourney 2517 (60 10)"]
[Site "Internet Chess Club"]
[Date "2021.04.17"]
[Round "3"]
[White "CHONG, JOSHUA ETHAN:Joshua1"]
[Black "ROBERTS, ASTON:AstonRoberts"]
[Result "1-0"]
[ICCResult "Black checkmated"]
[WhiteElo "1847"]
[BlackElo "1696"]
[Opening "QGD semi-Slav: Stoltz variation"]
[ECO "D45"]
[NIC "SL.08"]
[Time "16:31:38"]
[PlyCount "63"]
[TimeControl "3600+10"]

1. d4 d5 2. c4 c6 3. Nc3 Nf6 4. e3 e6 5. Nf3 Nbd7 6. Qc2 Bd6 7. Bd3 dxc4 8.
Bxc4 b5 9. Be2 O-O 10. O-O Bb7 11. Rd1 Qe7 12. e4 e5 13. dxe5 Nxe5 14. Nd4
Rfd8 15. Nf5 Qe6 16. Nxd6 Rxd6 17. Be3 Rxd1+ 18. Rxd1 a6 19. h3 Rc8 20. f4
Nc4 21. Bc5 Nd7 22. Bg4 Nxc5 23. Bxe6 fxe6 24. Qf2 Na4 25. Nxa4 bxa4 26.
Qd4 Na5 27. Qb6 Nc4 28. Qxb7 Rf8 29. Rd7 h6 30. Rxg7+ Kh8 31. Rh7+ Kg8 32.
Qg7# { Black checkmated } 1-0

[Event "ICC tourney 2517 (60 10)"]
[Site "Internet Chess Club"]
[Date "2021.04.17"]
[Round "3"]
[White "Xiao, Marina:marinaxiao"]
[Black "DASARI, ARJUN:CHESSB111"]
[Result "1-0"]
[ICCResult "Black checkmated"]
[WhiteElo "1512"]
[BlackElo "1292"]
[Opening "Giuoco Piano"]
[ECO "C54"]
[NIC "IG.02"]
[Time "16:31:35"]
[PlyCount "69"]
[TimeControl "3600+10"]

1. e4 e5 2. Nf3 Nc6 3. Bc4 Bc5 4. c3 Nf6 5. d3 O-O 6. a4 a6 7. O-O d6 8.
Nbd2 Re8 9. h3 d5 10. exd5 Nxd5 11. Ne4 Bb6 12. Bg5 Qd7 13. Nfd2 h6 14.
Bxd5 Qxd5 15. Bxh6 Qxd3 16. Qh5 Bf5 17. Qxf5 Kf8 18. Bg5 f6 19. Bh4 Ne7 20.
Qh5 c6 21. Kh1 Kg8 22. Rad1 Qc2 23. f4 exf4 24. Rxf4 Nd5 25. Rff1 Qxa4 26.
Qg6 Re7 27. Bxf6 Rf7 28. Bh4 Rd7 29. c4 Bd4 30. cxd5 Rf8 31. Rxf8+ Kxf8 32.
Rf1+ Kg8 33. Qe6+ Kh8 34. Rf8+ Kh7 35. Ng5# { Black checkmated } 1-0

[Event "ICC tourney 2517 (60 10)"]
[Site "Internet Chess Club"]
[Date "2021.04.17"]
[Round "3"]
[White "Aravindakshan, Sahana:TigerSahi"]
[Black "Xiao, Michael:michaelxiao"]
[Result "1-0"]
[ICCResult "Black checkmated"]
[WhiteElo "1626"]
[BlackElo "1272"]
[Opening "QGD: 4.Bg5 Be7"]
[ECO "D53"]
[NIC "QO.13"]
[Time "16:31:30"]
[PlyCount "53"]
[TimeControl "3600+10"]

1. d4 d5 2. c4 e6 3. Nc3 Nf6 4. Bg5 Be7 5. cxd5 exd5 6. e3 Bf5 7. Bd3 Bg6
8. Nge2 Nbd7 9. O-O O-O 10. Bxg6 hxg6 11. f3 Re8 12. e4 dxe4 13. fxe4 Nxe4
14. Nxe4 Bxg5 15. N2c3 Be3+ 16. Kh1 c5 17. dxc5 Nxc5 18. Qf3 Nxe4 19. Nxe4
Qe7 20. Nc3 Bd4 21. Nd5 Qe5 22. Qxf7+ Kh7 23. Rf3 Rf8 24. Rh3+ Qh5 25.
Rxh5+ gxh5 26. Qxh5+ Kg8 27. Ne7# { Black checkmated } 1-0

[Event "ICC tourney 2517 (60 10)"]
[Site "Internet Chess Club"]
[Date "2021.04.17"]
[Round "3"]
[White "Mairaj, Morgan Kenzo:Morganito"]
[Black "SLOAN, JED:RisingRook"]
[Result "0-1"]
[ICCResult "White resigns"]
[WhiteElo "1822"]
[BlackElo "1988"]
[Opening "Nimzo-Indian: Kmoch variation"]
[ECO "E24"]
[NIC "NI.30"]
[Time "16:31:30"]
[PlyCount "72"]
[TimeControl "3600+10"]

1. d4 Nf6 2. c4 e6 3. Nc3 Bb4 4. f3 c5 5. a3 Bxc3+ 6. bxc3 d5 7. e3 O-O 8.
Ne2 b6 9. Ng3 Ba6 10. cxd5 Bxf1 11. Nxf1 exd5 12. Ng3 Nc6 13. O-O Qd7 14.
Re1 Rfe8 15. a4 Rac8 16. Qd2 Na5 17. Qf2 Nb3 18. Ra3 Nxc1 19. Rxc1 Qe7 20.
Nf5 Qe6 21. Qc2 g6 22. Nh6+ Kg7 23. Ng4 Nxg4 24. fxg4 Qxe3+ 25. Kf1 Re4 26.
g3 cxd4 27. Qb2 Qf3+ 28. Qf2 Qxf2+ 29. Kxf2 dxc3 30. a5 d4 31. axb6 axb6
32. Ra4 b5 33. Rb4 Rc4 34. Rxb5 d3 35. Rd5 d2 36. Rc2 Red4 { White resigns
} 0-1

[Event "ICC tourney 2517 (60 10)"]
[Site "Internet Chess Club"]
[Date "2021.04.17"]
[Round "3"]
[White "Chin, Spencer:Baseballchamp"]
[Black "LIANG, JASON:Jupiter435"]
[Result "0-1"]
[ICCResult "White resigns"]
[WhiteElo "1913"]
[BlackElo "2384"]
[Opening "Caro-Kann: Panov-Botvinnik attack"]
[ECO "B13"]
[NIC "CK.03"]
[Time "16:31:29"]
[PlyCount "72"]
[TimeControl "3600+10"]

1. e4 c6 2. d4 d5 3. exd5 cxd5 4. c4 Nf6 5. Nc3 Nc6 6. Bg5 dxc4 7. d5 Ne5
8. Qd4 h6 9. Qxe5 hxg5 10. Bxc4 a6 11. Nf3 g4 12. Nd4 Qd6 13. Qxd6 exd6 14.
O-O-O Bd7 15. Rhe1+ Kd8 16. h3 gxh3 17. gxh3 g6 18. Re2 Rxh3 19. Rd3 Rxd3
20. Bxd3 Kc7 21. Rc2 Kb6 22. b4 Rc8 23. Na4+ Ka7 24. Rxc8 Bxc8 25. Nc3 Bg7
26. Nf3 Ng4 27. Ne4 Bf5 28. Kc2 Bxe4 29. Bxe4 Nxf2 30. Bd3 Nxd3 31. Kxd3
Bf6 32. Ke4 Kb6 33. a4 a5 34. b5 Kc5 35. Nd2 Kb4 36. b6 Bd8 { White resigns
} 0-1

[Event "ICC tourney 2517 (60 10)"]
[Site "Internet Chess Club"]
[Date "2021.04.17"]
[Round "3"]
[White "SMITH, SILAS:agent1337"]
[Black "VIKAS, HEMA:madscience08"]
[Result "1-0"]
[ICCResult "Black resigns"]
[WhiteElo "1717"]
[BlackElo "1562"]
[Opening "Grünfeld: Stockholm variation"]
[ECO "D80"]
[NIC "GI.03"]
[Time "16:31:45"]
[PlyCount "137"]
[TimeControl "3600+10"]

1. d4 Nf6 2. c4 g6 3. Nc3 d5 4. Bg5 Ne4 5. Bf4 Nxc3 6. bxc3 c5 7. e3 Bg7 8.
Nf3 O-O 9. Be2 Qa5 10. O-O e6 11. cxd5 exd5 12. Bd6 Rd8 13. Bxc5 Qxc3 14.
Qa4 Bd7 15. Qb3 Qxb3 16. axb3 Nc6 17. Ne1 b6 18. Ba3 Na5 19. Rb1 Rac8 20.
Bb4 Nc6 21. Bd2 a5 22. Nd3 Bf5 23. g4 Be6 24. h3 h5 25. Nf4 hxg4 26. Nxe6
fxe6 27. Bxg4 Kf7 28. Rfc1 Bh6 29. Rb2 Nb4 30. Rxc8 Rxc8 31. Bxb4 axb4 32.
Kg2 Rc3 33. Kg3 Kf6 34. Bf3 e5 35. dxe5+ Kxe5 36. Rd2 Rxb3 37. Rxd5+ Ke6
38. Rb5 Rb1 39. Rxb6+ Kf7 40. Be4 Rg1+ 41. Kh2 Rf1 42. Kg2 Rc1 43. Rxb4 Bf8
44. Rb7+ Kf6 45. Rb6+ Ke5 46. Bxg6 Bc5 47. Rb5 Kf6 48. Be8 Rc2 49. Kf3 Be7
50. h4 Kg7 51. Kg3 Bd6+ 52. Kg2 Be7 53. h5 Rc5 54. Rxc5 Bxc5 55. Bg6 Be7
56. f4 Bc5 57. Kf3 Kh6 58. e4 Be7 59. e5 Bd8 60. Ke4 Kg7 61. Kd5 Be7 62.
Ke6 Bh4 63. f5 Bg5 64. Kd7 Bh4 65. e6 Bf6 66. e7 Bxe7 67. Kxe7 Kh8 68. f6
Kg8 69. f7+ { Black resigns } 1-0

[Event "ICC tourney 2517 (60 10)"]
[Site "Internet Chess Club"]
[Date "2021.04.17"]
[Round "3"]
[White "BROWN, MADISON:USChessNinja"]
[Black "WAKIDA, KEN:Yamato1945"]
[Result "1-0"]
[ICCResult "Black resigns"]
[WhiteElo "1740"]
[BlackElo "1439"]
[Opening "Caro-Kann: advance variation"]
[ECO "B12"]
[NIC "CK.02"]
[Time "16:31:23"]
[PlyCount "81"]
[TimeControl "3600+10"]

1. e4 c6 2. d4 d5 3. e5 c5 4. c3 cxd4 5. cxd4 Nc6 6. Nf3 Bg4 7. Be2 e6 8.
a3 Nge7 9. Be3 Nf5 10. Bg5 Qb6 11. Nbd2 Bxf3 12. Nxf3 Nfxd4 13. Nxd4 Qxd4
14. Qxd4 Nxd4 15. Rc1 Nc6 16. Ba6 Nxe5 17. Bb5+ Nc6 18. Rxc6 Kd7 19. Rc3+
Kd6 20. Bf4+ e5 21. Bd2 a6 22. Be2 Be7 23. O-O d4 24. Rb3 b5 25. Bf3 Rac8
26. Bb4+ Ke6 27. Bb7 Rc4 28. Bxe7 Kxe7 29. Bxa6 Rd8 30. Bxb5 Rc7 31. Re1
Ke6 32. f4 f6 33. fxe5 fxe5 34. Bd3 Kd5 35. Rb5+ Kd6 36. Rbxe5 Rb7 37. Re6+
Kc7 38. Re7+ Rd7 39. Bf5 Rxe7 40. Rxe7+ Kc6 41. Be4+ { Black resigns } 1-0

[Event "ICC tourney 2517 (60 10)"]
[Site "Internet Chess Club"]
[Date "2021.04.17"]
[Round "3"]
[White "Shah, Jai K:nyclic"]
[Black "LIAO, CAITLIN:che8642"]
[Result "0-1"]
[ICCResult "White checkmated"]
[WhiteElo "1384"]
[BlackElo "1530"]
[Opening "Sicilian: Steinitz variation"]
[ECO "B20"]
[NIC "SI.48"]
[Time "16:31:41"]
[PlyCount "86"]
[TimeControl "3600+10"]

1. e4 c5 2. g3 d6 3. Bg2 Nf6 4. d3 Nc6 5. Nf3 a6 6. O-O b5 7. Nbd2 Bb7 8.
Re1 e6 9. Nf1 Be7 10. h4 O-O 11. N1h2 Qc7 12. Ng5 h6 13. Ngf3 d5 14. e5 Nd7
15. Bf4 Rac8 16. Qc1 Qb6 17. Ng4 Kh7 18. Kh2 c4 19. Qd1 d4 20. Bh3 h5 21.
Ng5+ Bxg5 22. hxg5 hxg4 23. Qxg4 Rh8 24. Rh1 Ncxe5 25. Bxe5 Nxe5 26. Qf4
Ng6 27. Qxf7 Bxh1 28. Rxh1 Rcf8 29. Qd7 Re8 30. Kg1 Nh4 31. Bg4 Kg6 32.
gxh4 cxd3 33. f4 Kh7 34. f5 dxc2 35. f6 c1=Q+ 36. Kg2 Qcc6+ 37. Qxc6 Qxc6+
38. Bf3 Qc2+ 39. Kg3 gxf6 40. gxf6 Rhg8+ 41. Kh3 Qf5+ 42. Kh2 Qf4+ 43. Kh3
Qg3# { White checkmated } 0-1

[Event "ICC tourney 2517 (60 10)"]
[Site "Internet Chess Club"]
[Date "2021.04.17"]
[Round "3"]
[White "Nasta, Kiren:knasta"]
[Black "RAJANISH, ABHINAV:Knightboy123"]
[Result "1-0"]
[ICCResult "Black checkmated"]
[WhiteElo "1897"]
[BlackElo "1596"]
[Opening "Sicilian: Najdorf, Opocensky variation"]
[ECO "B92"]
[NIC "SI.10"]
[Time "16:31:17"]
[PlyCount "97"]
[TimeControl "3600+10"]

1. e4 c5 2. Nf3 d6 3. d4 cxd4 4. Nxd4 Nf6 5. Nc3 a6 6. Be2 e5 7. Nb3 Be6 8.
f4 Qc7 9. g4 h6 10. Be3 Be7 11. g5 hxg5 12. fxg5 Nfd7 13. Qd2 Nc6 14. O-O-O
b5 15. Nd5 Bxd5 16. Qxd5 Nb4 17. Qxa8+ Bd8 18. c3 Rh3 19. Qa7 Nxa2+ 20. Kb1
Nxc3+ 21. bxc3 Qxc3 22. Rd3 Qc6 23. Bg4 Rxe3 24. Qxd7+ Qxd7 25. Bxd7+ Kxd7
26. Rxe3 Bxg5 27. Rg3 Bf4 28. Rxg7 a5 29. Nxa5 b4 30. Rxf7+ Ke6 31. Rxf4
exf4 32. Nc6 f3 33. Rf1 f2 34. Rxf2 d5 35. exd5+ Kd6 36. Nxb4 Kd7 37. h4
Kd6 38. h5 Ke7 39. h6 Kd7 40. h7 Kd6 41. h8=Q Kc5 42. Qf8+ Kd4 43. Nc6+ Kc4
44. Qb4+ Kd3 45. Rd2+ Ke3 46. Qd4+ Kf3 47. Rf2+ Kg3 48. Qf4+ Kh3 49. Rh2# {
Black checkmated } 1-0

[Event "ICC tourney 2517 (60 10)"]
[Site "Internet Chess Club"]
[Date "2021.04.17"]
[Round "3"]
[White "MERCHANT, PENELOPE:TweensGambit"]
[Black "KARUNAKARAN, KAPILAN:kapilank"]
[Result "0-1"]
[ICCResult "White checkmated"]
[WhiteElo "1342"]
[BlackElo "1866"]
[Opening "Sicilian: Alapin's variation (2.c3)"]
[ECO "B22"]
[NIC "SI.47"]
[Time "16:31:15"]
[PlyCount "134"]
[TimeControl "3600+10"]

1. e4 c5 2. c3 Nf6 3. e5 Nd5 4. d4 cxd4 5. cxd4 d6 6. exd6 Qxd6 7. Nf3 g6
8. Nc3 Nxc3 9. bxc3 Bg7 10. Be3 O-O 11. Bc4 b6 12. O-O Bb7 13. Qd2 Nd7 14.
Bf4 Qc6 15. Bb3 Nf6 16. Rad1 Rad8 17. Qd3 Nd5 18. Bxd5 Qxd5 19. c4 Qe4 20.
Qxe4 Bxe4 21. d5 Bxf3 22. gxf3 Rc8 23. Rc1 Bf6 24. Rfe1 Kg7 25. Be5 Rc5 26.
Re3 Rfc8 27. Re4 b5 28. Bd4 Bxd4 29. Rxd4 bxc4 30. d6 exd6 31. Rxd6 c3 32.
Kf1 Rh5 33. Kg2 Ra5 34. Rd3 c2 35. Rd2 Rxa2 36. Kf1 Ra1 37. Rxa1 c1=Q+ 38.
Rxc1 Rxc1+ 39. Kg2 Rc8 40. Rd7 Ra8 41. Kg3 a5 42. Rd1 a4 43. Kf4 Kf6 44.
Ke4 a3 45. Kd3 a2 46. Ra1 Kf5 47. Kc2 Kf4 48. Kb2 Kxf3 49. Rxa2 Rxa2+ 50.
Kxa2 Kxf2 51. Kb3 Kg2 52. Kc4 f5 53. Kd4 f4 54. Ke4 f3 55. Ke3 f2 56. Ke4
f1=Q 57. Kd5 Kxh2 58. Ke6 g5 59. Kd6 g4 60. Kc5 g3 61. Kb6 g2 62. Kc6 g1=Q
63. Kd6 Qe2 64. Kd5 Qgd1+ 65. Kc5 Qec2+ 66. Kb4 Qdb1+ 67. Ka5 Qca2# { White
checkmated } 0-1

[Event "ICC tourney 2517 (60 10)"]
[Site "Internet Chess Club"]
[Date "2021.04.17"]
[Round "3"]
[White "LODH, ANJALI:ChessHawk8"]
[Black "POWERS, COLDEN REED:TheChessKid90"]
[Result "1-0"]
[ICCResult "Black resigns"]
[WhiteElo "1584"]
[BlackElo "1820"]
[Opening "Caro-Kann: advance variation"]
[ECO "B12"]
[NIC "CK.04"]
[Time "16:31:35"]
[PlyCount "63"]
[TimeControl "3600+10"]

1. e4 c6 2. d4 d5 3. e5 Bf5 4. Nf3 e6 5. Be2 Ne7 6. O-O Ng6 7. Bd2 c5 8. c3
Nc6 9. Re1 a6 10. Be3 Qb6 11. Qd2 Be7 12. c4 dxc4 13. Bxc4 Rd8 14. dxc5
Bxc5 15. Bxc5 Qxc5 16. Qc3 Nd4 17. Nxd4 Rxd4 18. Bb5+ Qxb5 19. Qxd4 O-O 20.
Na3 Qa5 21. Rad1 b5 22. g4 Ne7 23. gxf5 Nxf5 24. Qc5 Qa4 25. Qc6 Nh4 26.
Qe4 Qxe4 27. Rxe4 Nf3+ 28. Kg2 Ng5 29. Red4 a5 30. h4 b4 31. Nc4 Nf3 32.
Kxf3 { Black resigns } 1-0

[Event "ICC tourney 2517 (60 10)"]
[Site "Internet Chess Club"]
[Date "2021.04.17"]
[Round "3"]
[White "MERCHANT, AENEAS:Aeneas"]
[Black "Nieuwerburgh, Paul Alexander:pvnieuwe"]
[Result "1/2-1/2"]
[ICCResult "Game drawn by mutual agreement"]
[WhiteElo "1685"]
[BlackElo "1501"]
[Opening "Sicilian: closed"]
[ECO "B23"]
[NIC "SI.44"]
[Time "16:31:18"]
[PlyCount "65"]
[TimeControl "3600+10"]

1. e4 c5 2. Nc3 g6 3. d4 cxd4 4. Qxd4 Nf6 5. e5 Nc6 6. Qe3 Ng4 7. Qe4 Ngxe5
8. Bf4 Bg7 9. Nf3 Nxf3+ 10. Qxf3 O-O 11. O-O-O d6 12. Bc4 Bf5 13. g4 Be6
14. Bxe6 fxe6 15. Qe3 Qd7 16. Bg3 a5 17. Rhe1 e5 18. f3 Nd4 19. Rf1 Qc6 20.
f4 exf4 21. Bxf4 e5 22. Bg3 b5 23. Qd3 Rac8 24. Rxf8+ Kxf8 25. Bf2 b4 26.
Bxd4 exd4 27. Ne2 a4 28. Kb1 Kg8 29. h4 Qg2 30. g5 Qc6 31. Rc1 Qc5 32. Qe4
Be5 33. Rd1 { Game drawn by mutual agreement } 1/2-1/2

[Event "ICC tourney 2517 (60 10)"]
[Site "Internet Chess Club"]
[Date "2021.04.17"]
[Round "3"]
[White "REDDY, TANVI CHINTHAGUNTA:tcrgm"]
[Black "CAO, KAYLEE:K624"]
[Result "1-0"]
[ICCResult "Black checkmated"]
[WhiteElo "1564"]
[BlackElo "1299"]
[Opening "French: advance, Paulsen attack"]
[ECO "C02"]
[NIC "FR.03"]
[Time "16:31:14"]
[PlyCount "53"]
[TimeControl "3600+10"]

1. e4 e6 2. d4 d5 3. e5 c5 4. c3 Nc6 5. Nf3 Qb6 6. Be2 Bd7 7. O-O Nge7 8.
b3 Nf5 9. Be3 Be7 10. Qd2 O-O 11. Rd1 cxd4 12. cxd4 Rac8 13. Nc3 a6 14. a3
Qa7 15. b4 b6 16. Bd3 Nxe3 17. fxe3 f6 18. Rf1 fxe5 19. dxe5 b5 20. Ne2 Qb8
21. Qb2 Nd8 22. Qb1 g6 23. Bxg6 hxg6 24. Qxg6+ Kh8 25. Ng5 Rxf1+ 26. Rxf1
Bxg5 27. Rf8# { Black checkmated } 1-0

[Event "ICC tourney 2517 (60 10)"]
[Site "Internet Chess Club"]
[Date "2021.04.17"]
[Round "3"]
[White "PUPPALLA, PRANAY:checkmate1823"]
[Black "WU, ANDY:ScorpianFire7"]
[Result "1/2-1/2"]
[ICCResult "Game drawn by mutual agreement"]
[WhiteElo "1703"]
[BlackElo "1551"]
[Opening "Queen's pawn, Mason variation"]
[ECO "D00"]
[NIC "QP.08"]
[Time "16:31:09"]
[PlyCount "87"]
[TimeControl "3600+10"]

1. d4 d5 2. Bf4 Bf5 3. e3 e6 4. Nf3 Nf6 5. c4 c6 6. Nc3 Bd6 7. Bg3 Bxg3 8.
hxg3 h6 9. Qb3 Qc7 10. Be2 Nbd7 11. O-O dxc4 12. Bxc4 Nb6 13. Be2 O-O 14.
Rac1 Rad8 15. Ne5 Nbd7 16. Nb5 Qb6 17. Nd6 Nxe5 18. dxe5 Ne4 19. Nxb7 Rd7
20. Qxb6 axb6 21. Nd6 Nxd6 22. exd6 Rxd6 23. Rfd1 Rfd8 24. Kf1 Rxd1+ 25.
Rxd1 Rxd1+ 26. Bxd1 Kf8 27. Bf3 c5 28. Ke2 Ke7 29. Kd2 Kd6 30. Kc3 e5 31.
a4 Bd7 32. b3 Bc6 33. Bxc6 Kxc6 34. Kc4 e4 35. g4 g6 36. b4 cxb4 37. Kxb4
f5 38. gxf5 gxf5 39. Kc4 h5 40. Kd4 Kd6 41. Kc4 Kc6 42. Kb4 h4 43. Kc4 Kd6
44. Kd4 { Game drawn by mutual agreement } 1/2-1/2

[Event "ICC tourney 2517 (60 10)"]
[Site "Internet Chess Club"]
[Date "2021.04.17"]
[Round "3"]
[White "Wen, Kally:kwen2008"]
[Black "GILLMAN, JONES:JonesGill"]
[Result "0-1"]
[ICCResult "White resigns"]
[WhiteElo "1720"]
[BlackElo "1387"]
[Opening "QGD Slav defense: exchange variation"]
[ECO "D10"]
[NIC "SL.01"]
[Time "16:32:01"]
[PlyCount "66"]
[TimeControl "3600+10"]

1. d4 d5 2. c4 c6 3. cxd5 cxd5 4. Nf3 Nc6 5. Nc3 Bf5 6. Bf4 a6 7. a3 e6 8.
e3 Nf6 9. Bd3 Ne4 10. Qc2 Rc8 11. O-O Be7 12. Nd2 Nxd2 13. Qxd2 Bxd3 14.
Qxd3 Na5 15. Na4 O-O 16. b4 Nc4 17. Nc5 Bxc5 18. bxc5 b6 19. cxb6 Qxb6 20.
Rfb1 Qc6 21. Rb4 Rfd8 22. Rab1 h6 23. h3 Rd7 24. Rb8 Rdd8 25. R8b4 Rd7 26.
a4 Kh8 27. Qe2 Kh7 28. Qh5 a5 29. Rb8 Rxb8 30. Rxb8 Rb7 31. Rf8 Nd2 32. g4
Qc1+ 33. Kh2 Qf1 { White resigns } 0-1

[Event "ICC tourney 2517 (60 10)"]
[Site "Internet Chess Club"]
[Date "2021.04.17"]
[Round "3"]
[White "AGARAM, JYOTSNA:Jagaram"]
[Black "NAKADA, JOHJI DAVID:turtlemasterjo"]
[Result "0-1"]
[ICCResult "White checkmated"]
[WhiteElo "1335"]
[BlackElo "1624"]
[Opening "Caro-Kann: advance variation"]
[ECO "B12"]
[NIC "CK.02"]
[Time "16:31:15"]
[PlyCount "52"]
[TimeControl "3600+10"]

1. e4 c6 2. d4 d5 3. e5 c5 4. Bb5+ Nc6 5. Nf3 Bg4 6. Bxc6+ bxc6 7. Be3 e6
8. O-O cxd4 9. Bxd4 c5 10. Be3 Qb6 11. b3 Ne7 12. Nbd2 Ng6 13. Qb1 h6 14.
h3 Bxf3 15. Nxf3 Be7 16. Qb2 O-O 17. Qa3 d4 18. Bd2 Qc7 19. Ba5 Qb7 20. Bd2
f6 21. exf6 Rxf6 22. Rab1 Rxf3 23. gxf3 Qxf3 24. Kh2 Bd6+ 25. Bf4 Nxf4 26.
Rg1 Qxh3# { White checkmated } 0-1

[Event "ICC tourney 2517 (60 10)"]
[Site "Internet Chess Club"]
[Date "2021.04.17"]
[Round "3"]
[White "LUKOSE, JOYCE:IcePotato"]
[Black "SHERIF, SAMEER:SAsameer"]
[Result "0-1"]
[ICCResult "White checkmated"]
[WhiteElo "1271"]
[BlackElo "1428"]
[Opening "QGD Slav defense"]
[ECO "D10"]
[NIC "SL.01"]
[Time "16:31:22"]
[PlyCount "160"]
[TimeControl "3600+10"]

1. d4 d5 2. c4 c6 3. Nc3 Nf6 4. Bf4 Bf5 5. Nf3 e6 6. e3 Be7 7. Bd3 Ne4 8.
O-O Nd7 9. cxd5 exd5 10. Qc2 g5 11. Be5 f6 12. Bg3 h5 13. h3 Nxg3 14. fxg3
Bxd3 15. Qxd3 Nf8 16. e4 g4 17. hxg4 hxg4 18. Nh2 Qd7 19. exd5 cxd5 20.
Rfe1 O-O-O 21. Rac1 Kb8 22. Qe2 Bd6 23. Qe3 f5 24. Kf2 Rxh2 25. Nxd5 Rc8
26. Rxc8+ Kxc8 27. Qg5 Qf7 28. Nc3 Rh5 29. Qe3 Kd7 30. a3 f4 31. gxf4 Bxf4
32. Qe4 Bd2+ 33. Kg1 Bxe1 34. Qxe1 Qe7 35. Qg3 Qh4 36. Qxh4 Rxh4 37. g3 Rh6
38. Kf2 Re6 39. d5 Re5 40. Kg2 a6 41. Kf2 Kd6 42. Kg2 Nd7 43. Kf2 Nc5 44.
b4 Nd3+ 45. Kg2 Ne1+ 46. Kf2 Nc2 47. Na4 Nxa3 48. Nc5 Re7 49. Kg2 Kxd5 50.
Kf2 Kc4 51. Kg2 Kxb4 52. Nd3+ Kc4 53. Nb2+ Kc3 54. Nd1+ Kc2 55. Nf2 Re2 56.
Kf1 Rxf2+ 57. Kxf2 b5 58. Ke3 b4 59. Kd4 b3 60. Ke4 b2 61. Kf4 b1=Q 62.
Kxg4 Qd1+ 63. Kh3 Qf3 64. Kh4 Qxg3+ 65. Kxg3 a5 66. Kf4 a4 67. Ke4 Nc4 68.
Kd4 Kb2 69. Kxc4 a3 70. Kb4 a2 71. Kc4 a1=Q 72. Kb5 Qa3 73. Kb6 Qc3 74. Ka7
Qb4 75. Ka6 Kc3 76. Ka7 Qb5 77. Ka8 Kc4 78. Ka7 Kc5 79. Ka8 Kc6 80. Ka7
Qb7# { White checkmated } 0-1

[Event "ICC tourney 2517 (60 10)"]
[Site "Internet Chess Club"]
[Date "2021.04.17"]
[Round "3"]
[White "DESAI, VED:Zuiopal"]
[Black "HUANG, JASON:Chesssmolbrain"]
[Result "1/2-1/2"]
[ICCResult "Game drawn by mutual agreement"]
[WhiteElo "1628"]
[BlackElo "1361"]
[Opening "QGD Slav defense"]
[ECO "D10"]
[NIC "SL.01"]
[Time "16:31:21"]
[PlyCount "102"]
[TimeControl "3600+10"]

1. d4 d5 2. c4 c6 3. Nc3 Nf6 4. cxd5 Nxd5 5. e4 Nxc3 6. bxc3 e6 7. Nf3 c5
8. Be2 Nc6 9. O-O Bd7 10. Be3 cxd4 11. cxd4 Be7 12. a3 O-O 13. e5 Rc8 14.
Qd2 Qa5 15. Rfc1 Qxd2 16. Nxd2 a6 17. Bf3 b5 18. Nb3 Rfd8 19. Nc5 Bxc5 20.
Rxc5 Na5 21. Rac1 Kf8 22. Kf1 Ke7 23. Ke2 h6 24. h4 Rb8 25. Rc7 Rdc8 26.
R1c3 Kd8 27. Rxc8+ Rxc8 28. Rxc8+ Bxc8 29. g4 Nc4 30. Bc1 Kc7 31. Be4 Kd7
32. f4 f6 33. g5 hxg5 34. hxg5 f5 35. Bf3 g6 36. d5 Kc7 37. d6+ Kd7 38. Kd3
Na5 39. Kc3 Bb7 40. Bxb7 Nxb7 41. Kd4 Kd8 42. Bd2 Kd7 43. Bb4 Kd8 44. Bc5
Kd7 45. Bb4 Kc8 46. Be1 Kd7 47. Bd2 Kc8 48. Bb4 Kd7 49. Be1 Kc8 50. Bb4 Kd7
51. Bc5 Kc6 { Game drawn by mutual agreement } 1/2-1/2

[Event "ICC tourney 2517 (60 10)"]
[Site "Internet Chess Club"]
[Date "2021.04.17"]
[Round "3"]
[White "SLATER, DANIL:danilattack"]
[Black "CHANDI, ISHNOOR SINGH:Ishnoor"]
[Result "0-1"]
[ICCResult "White resigns"]
[WhiteElo "1700"]
[BlackElo "1545"]
[Opening "King's Indian: Semi-Averbakh system"]
[ECO "E73"]
[NIC "KI.27"]
[Time "16:31:35"]
[PlyCount "84"]
[TimeControl "3600+10"]

1. d4 Nf6 2. c4 g6 3. Nc3 Bg7 4. e4 d6 5. Be2 O-O 6. Be3 e5 7. d5 a5 8. g4
Na6 9. h4 Nc5 10. f3 h5 11. g5 Nfd7 12. Qd2 Qe7 13. Nh3 Nb6 14. Nf2 Rd8 15.
b3 Bf8 16. Nd3 Nbd7 17. Nb5 Nxd3+ 18. Qxd3 Nc5 19. Qd2 Kh7 20. Nc3 Bd7 21.
Rf1 Na6 22. f4 exf4 23. Rxf4 Bg7 24. Bd4 a4 25. Bxg7 Kxg7 26. Qd4+ Kg8 27.
Kd2 axb3 28. axb3 Nc5 29. Rb1 Ra1 30. Kc2 Rda8 31. Bf3 Rxb1 32. Nxb1 Ra2+
33. Kc3 b5 34. Rf6 bxc4 35. bxc4 Ba4 36. Nd2 Rc2+ 37. Kb4 Qe8 38. Bd1 Qb8+
39. Ka3 Qa7 40. Bxc2 Bxc2+ 41. Kb4 Qa4+ 42. Kc3 Qa1+ { White resigns } 0-1